Map: World of Sleepers LE

Players

ShaDoWn

  • Race: Protoss Protoss
  • Spawn Location: 1:00

Astrea - Winner!

  • Race: Protoss Protoss
  • Spawn Location: 7:00

Event: IEM Katowice 2020

VOD

Have the link to the VOD?

Description

Time

  • Played on: Feb. 24, 2020, 6:13 a.m.
  • Length: 17:11

All games in this series

Show
View Real Time Build Order
Export as new Build Order

ShaDoWn Protoss 

Build Orders: Zealot Archon, Archon Drop 

Get SALT Encoding   

  12  0:00  Probe  
  13  0:12  Probe  
  14  0:17  Pylon  
  14  0:24  Probe (Chrono Boost)  
  15  0:37  Probe (Chrono Boost), Gateway  
  16  0:45  Probe (Chrono Boost)  
  16  0:46  Assimilator  
  17  0:51  Probe  
  17  0:54  Assimilator  
  18  1:03  Probe (Chrono Boost)  
  19  1:07  Gateway  
  19  1:13  Probe (Chrono Boost)  
  19  1:18  Probe (Chrono Boost)  
  20  1:23  Cybernetics Core  
  21  1:29  Probe  
  22  1:34  Pylon  
  22  1:41  Probe  
  23  1:53  Probe  
  24  1:59  Stalker  
  24  2:00  Warp Gate (Chrono Boost), Stalker  
  28  2:12  Pylon  
  30  2:30  Sentry  
  30  2:34  Nexus  
  30  2:39  Probe  
  31  2:48  Shield Battery  
  31  2:51  Probe  
  31  2:52  Sentry  
  31  2:55  Robotics Facility  
  34  3:04  Probe  
  35  3:07  Shield Battery  
  35  3:14  Pylon  
  35  3:16  Probe  
  36  3:28  Probe  
  37  3:41  Probe (Chrono Boost)  
  38  3:45  Warp Prism  
  38  3:47  Adept x2  
  44  3:49  Probe (Chrono Boost)  
  44  3:53  Probe (Chrono Boost)  
  46  4:00  Probe (Chrono Boost)  
  46  4:02  Probe (Chrono Boost)  
  48  4:05  Probe (Chrono Boost)  
  48  4:07  Probe  
  48  4:09  Forge  
  50  4:15  Probe (Chrono Boost)  
  51  4:21  Probe (Chrono Boost)  
  52  4:27  Probe (Chrono Boost)  
  52  4:28  Assimilator  
  52  4:30  Assimilator  
  53  4:36  Probe x2 (Chrono Boost), Protoss Ground Weapons Level 1 (Chrono Boost)  
  55  4:42  Probe, Pylon  
  55  4:43  Probe  
  57  4:46  Twilight Council  
  57  4:54  Probe  
  57  4:55  Probe  
  59  5:06  Probe  
  60  5:07  Gateway x2  
  60  5:10  Gateway  
  60  5:22  Gateway x2  
  60  5:26  Pylon  
  60  5:27  Charge  
  60  5:30  Templar Archives  
  60  5:34  Gateway  
  60  5:36  Pylon  
  60  5:50  Zealot x2  
  60  5:52  Probe  
  65  6:05  Zealot x3  
  65  6:08  Pylon  
  71  6:12  Nexus  
  71  6:19  High Templar x4  
  71  6:23  Archon x2  
  77  6:26  Dark Shrine  
  77  6:30  High Templar x2  
  77  6:31  Zealot x2  
  85  6:35  Archon  
  85  6:41  Pylon  
  85  6:43  Protoss Ground Weapons Level 2 (Chrono Boost)  
  87  6:54  Zealot x4  
  85  6:57  Pylon  
  91  7:04  Shield Battery  
  91  7:06  Shield Battery  
  91  7:11  High Templar x2  
  91  7:14  Shield Battery  
  95  7:18  Archon, Shield Battery  
  95  7:27  Zealot  
  97  7:41  Dark Templar x2, Shield Battery  
  97  7:43  Zealot x4  
  109  7:49  Pylon  
  107  7:52  Pylon  
  107  7:54  Shield Battery  
  107  7:57  Pylon  
  104  8:10  High Templar x2  
  104  8:11  Zealot x4  
  116  8:13  Pylon  
  116  8:23  Archon  
  116  8:25  Zealot x2  
  120  8:31  Archon  
  120  8:34  High Templar x2  
  120  8:35  Zealot x2  
  128  8:43  Pylon  
  128  8:44  Archon, Zealot x2  
  132  8:56  Zealot  
  94  9:10  Zealot x8  
  94  9:15  Probe x2  
  80  9:21  Nexus  
  76  9:26  High Templar x2  
  76  9:27  Zealot x6  
  90  9:35  Archon  
  72  9:50  Nexus  
  72  9:51  Dark Templar x2  
  72  10:00  High Templar x2, Zealot x2  
  72  10:06  Archon  
  80  10:13  Sentry  
  82  10:15  Zealot  
  84  10:24  Probe x2  
  86  10:30  High Templar  
  86  10:33  High Templar, Zealot x4  
  96  10:37  Archon  
  96  10:39  Probe  
  96  10:41  Probe  
  92  10:50  Stalker x2  
  92  10:53  Probe x3  
  99  11:05  Probe  
  99  11:07  Probe  
  99  11:08  Probe  
  102  11:13  High Templar x2, Zealot x3  
  102  11:16  Protoss Ground Weapons Level 3 (Chrono Boost)  
  102  11:17  Archon  
  110  11:38  Probe (Chrono Boost)  
  111  11:45  Zealot x3  
  111  11:46  Zealot x5  
  127  11:49  Probe (Chrono Boost), Assimilator  
  127  11:51  Assimilator  
  128  11:59  Shield Battery x2  
  128  12:00  Photon Cannon  
  128  12:02  Probe (Chrono Boost)  
  127  12:14  Probe (Chrono Boost)  
  127  12:15  Warp Prism (Chrono Boost)  
  128  12:20  Probe x2 (Chrono Boost)  
  128  12:21  High Templar x2  
  128  12:22  Zealot x2  
  140  12:25  Archon  
  140  12:32  Probe (Chrono Boost)  
  140  12:36  Pylon  
  141  12:38  High Templar x2  
  141  12:42  Probe (Chrono Boost)  
  141  12:43  Assimilator  
  146  12:45  Archon  
  144  12:51  High Templar x2  
  144  12:52  Zealot x2  
  144  12:56  Archon  
  152  12:59  Pylon  
  152  13:03  Assimilator  
  152  13:04  Assimilator  
  150  13:11  High Templar x2  
  150  13:12  Zealot x2  
  158  13:15  Gateway, Photon Cannon  
  158  13:17  Gateway  
  158  13:19  Archon  
  158  13:22  Zealot x2  
  160  13:28  Dark Templar  
  160  13:29  Dark Templar  
  160  13:32  Dark Templar  
  164  13:35  Zealot  
  164  13:41  Pylon  
  164  13:45  Pylon  
  164  13:49  Shield Battery  
  164  13:53  Robotics Bay  
  161  13:55  Robotics Facility  
  161  14:02  Protoss Shields Level 1 (Chrono Boost)  
  161  14:09  Stalker  
  163  14:12  Pylon  
  163  14:14  Pylon  
  163  14:18  Archon  
  163  14:19  High Templar x2, Zealot  
  163  14:20  Zealot  
  163  14:24  Pylon  
  165  14:32  Probe (Chrono Boost)  
  165  14:39  Archon  
  165  14:40  High Templar x4  
  165  14:41  Zealot  
  165  14:42  Probe (Chrono Boost)  
  176  14:52  Stalker x2  
  174  14:57  Archon  
  174  14:59  Disruptor (Chrono Boost)  
  166  15:02  Disruptor (Chrono Boost)  
  166  15:04  Pylon  
  166  15:06  Archon  
  172  15:15  Pylon  
  172  15:16  Pylon  
  172  15:25  Disruptor (Chrono Boost)  
  172  15:26  Disruptor (Chrono Boost)  
  166  15:45  Zealot x3  
  170  15:53  Disruptor  
  170  15:54  Zealot x2  
  170  15:55  Zealot  
  117  16:04  Disruptor  
  118  16:14  High Templar x2  
  118  16:15  Zealot x2  
  118  16:18  Archon  
  126  16:27  High Templar x2, Zealot  
  126  16:32  Archon  
  100  16:40  Zealot x2  
  98  16:51  Zealot x3  
  110  17:07  Zealot x3  
Show
View Real Time Build Order
Export as new Build Order

Astrea Protoss - Winner!

Build Orders: Phoenix Opening, Zealot Archon 

Get SALT Encoding   

  12  0:00  Probe  
  13  0:12  Probe  
  14  0:16  Pylon  
  14  0:25  Probe (Chrono Boost)  
  15  0:36  Gateway  
  15  0:37  Probe (Chrono Boost)  
  16  0:44  Probe (Chrono Boost)  
  16  0:45  Assimilator  
  17  0:51  Probe  
  18  0:58  Assimilator  
  18  1:03  Probe (Chrono Boost)  
  19  1:07  Gateway  
  19  1:12  Probe (Chrono Boost)  
  19  1:17  Probe (Chrono Boost)  
  20  1:24  Cybernetics Core  
  21  1:29  Probe  
  22  1:34  Pylon  
  22  1:41  Probe  
  23  1:53  Probe  
  24  1:59  Warp Gate (Chrono Boost)  
  24  2:00  Sentry, Stalker  
  28  2:06  Probe, Pylon  
  29  2:13  Shield Battery  
  29  2:18  Probe  
  30  2:30  Probe  
  30  2:32  Sentry  
  30  2:34  Phoenix  
  33  2:39  Sentry  
  33  2:42  Probe  
  36  2:49  Nexus  
  36  2:55  Probe  
  36  2:58  Pylon  
  36  3:07  Forge  
  36  3:10  Probe (Chrono Boost)  
  38  3:20  Probe (Chrono Boost)  
  38  3:25  Probe (Chrono Boost)  
  39  3:27  Robotics Facility  
  39  3:36  Probe  
  39  3:40  Protoss Ground Weapons Level 1 (Chrono Boost)  
  40  3:48  Probe  
  41  3:55  Stalker x2  
  45  4:01  Probe (Chrono Boost)  
  47  4:06  Probe (Chrono Boost)  
  48  4:10  Probe (Chrono Boost)  
  48  4:14  Probe (Chrono Boost), Observer  
  50  4:19  Shield Battery  
  50  4:20  Probe (Chrono Boost)  
  50  4:21  Adept x2  
  50  4:24  Probe (Chrono Boost)  
  56  4:29  Probe x2 (Chrono Boost)  
  58  4:32  Shield Battery  
  58  4:36  Pylon  
  58  4:39  Probe  
  59  4:48  Probe  
  59  4:49  Assimilator  
  59  4:51  Assimilator  
  60  4:53  Probe  
  60  4:55  Immortal  
  65  5:00  Probe, Twilight Council  
  65  5:05  Probe  
  67  5:10  Gateway  
  67  5:12  Gateway  
  67  5:15  Pylon  
  67  5:27  Gateway  
  67  5:28  Pylon  
  67  5:29  Gateway  
  67  5:34  Immortal  
  71  5:37  Charge  
  71  5:38  Protoss Ground Weapons Level 2 (Chrono Boost)  
  71  5:42  Templar Archives  
  71  5:47  Observer  
  71  5:51  Pylon  
  71  5:59  Gateway x2  
  71  6:06  Zealot x2  
  75  6:14  Zealot x2  
  79  6:20  Warp Prism  
  81  6:31  High Templar  
  81  6:32  High Templar, Zealot x2  
  89  6:34  Pylon  
  89  6:35  Archon  
  89  6:51  Nexus, Observer  
  89  6:55  High Templar x2, Zealot  
  89  7:00  Archon  
  95  7:05  Pylon  
  95  7:07  Pylon  
  95  7:24  High Templar x2  
  95  7:25  Zealot x4  
  95  7:27  Zealot x2  
  95  7:28  Archon  
  107  7:35  Protoss Ground Weapons Level 3 (Chrono Boost)  
  107  7:50  Zealot x4  
  113  7:53  Observer  
  105  7:59  Zealot x2  
  105  8:10  Zealot  
  105  8:11  Zealot x2  
  111  8:18  Probe x2 (Chrono Boost)  
  109  8:34  Probe (Chrono Boost)  
  109  8:42  High Templar x2  
  109  8:46  Archon  
  113  8:53  Zealot x2  
  113  8:55  Zealot  
  117  9:05  Zealot x2  
  117  9:09  Zealot  
  76  9:17  Zealot x2  
  76  9:18  Observer  
  65  9:36  Zealot x3  
  71  9:38  Probe  
  71  9:51  Probe (Chrono Boost)  
  71  9:52  Probe (Chrono Boost)  
  73  9:57  Probe (Chrono Boost)  
  73  10:01  Probe x2 (Chrono Boost)  
  73  10:05  Probe (Chrono Boost)  
  76  10:11  Probe x2 (Chrono Boost)  
  79  10:15  Probe (Chrono Boost)  
  79  10:19  Probe (Chrono Boost)  
  79  10:20  Probe (Chrono Boost)  
  82  10:21  Probe (Chrono Boost), High Templar x2  
  82  10:27  Archon  
  88  10:29  Probe x2 (Chrono Boost), High Templar x2  
  88  10:33  Probe (Chrono Boost), Archon  
  88  10:34  Probe (Chrono Boost)  
  93  10:39  Probe  
  95  10:48  Probe x2  
  97  10:51  Probe (Chrono Boost)  
  97  10:56  High Templar x2, Zealot x4  
  110  11:00  Probe (Chrono Boost), Archon  
  113  11:06  Probe (Chrono Boost)  
  113  11:09  Probe (Chrono Boost)  
  113  11:10  Probe (Chrono Boost)  
  114  11:12  Protoss Shields Level 1 (Chrono Boost)  
  114  11:16  Probe x2 (Chrono Boost)  
  117  11:22  Probe (Chrono Boost)  
  118  11:27  Zealot x6  
  118  11:28  Probe (Chrono Boost)  
  118  11:30  Probe x2 (Chrono Boost)  
  132  11:33  Assimilator  
  132  11:34  Assimilator  
  132  11:35  Pylon  
  132  11:39  Pylon  
  132  11:45  Pylon  
  132  11:53  High Templar x2, Zealot x2  
  140  11:57  Pylon  
  140  11:58  Pylon  
  140  11:59  Archon, High Templar x2  
  140  12:00  Zealot  
  146  12:09  Archon, Zealot  
  146  12:14  Gateway  
  148  12:21  High Templar  
  148  12:22  High Templar, Zealot  
  154  12:23  Gateway  
  154  12:24  Immortal  
  154  12:28  Probe  
  154  12:29  Archon  
  159  12:35  Zealot x3  
  165  12:38  Pylon  
  165  12:40  Pylon  
  165  12:52  Zealot x3  
  165  12:54  Zealot  
  169  13:00  Protoss Shields Level 2 (Chrono Boost)  
  169  13:02  Pylon  
  169  13:08  Photon Cannon  
  169  13:09  Photon Cannon  
  169  13:10  Photon Cannon  
  169  13:25  Robotics Bay, Robotics Facility  
  169  13:30  Zealot x5  
  179  13:46  Robotics Facility  
  179  13:47  Nexus  
  171  13:57  Blink  
  169  14:04  High Templar x4  
  169  14:05  High Templar x2  
  169  14:09  Archon x3, Disruptor (Chrono Boost)  
  181  14:15  Photon Cannon  
  184  14:20  Photon Cannon  
  184  14:22  Shield Battery  
  184  14:24  Assimilator  
  178  14:36  Disruptor (Chrono Boost)  
  180  14:39  Zealot x6  
  180  14:43  Disruptor (Chrono Boost)  
  192  14:47  Disruptor (Chrono Boost)  
  183  15:04  Disruptor (Chrono Boost)  
  186  15:14  Gravitic Drive  
  187  15:18  Disruptor (Chrono Boost)  
  187  15:19  Disruptor (Chrono Boost)  
  186  15:25  Zealot x3  
  186  15:26  Zealot x4  
  200  15:42  Warp Prism (Chrono Boost)  
  162  16:07  Zealot  
  162  16:08  Zealot x9  
  182  16:15  Disruptor  
  177  16:27  Pylon  
  177  16:30  Disruptor  
  149  16:46  Observer  
  148  16:55  High Templar x4  
  148  16:56  Zealot x6  
  148  17:00  Nexus  
  164  17:01  Archon  
  164  17:02  Pylon  

Tags
 
Add a new tag
Caveats
  • Supply blocks, unpowered buildings, or Contaminate may cause inaccurate times.
  • Supply counts are checked every 10 seconds.